 Dungeon Crawl Stone Soup version 0.29.1-15-g9cfb28693d (webtiles) character file.

Game seed: 13657771708073081467

50 Jase the Cudgeller (level 3, -6/39 HPs)
             Began as an Ogre Gladiator on Apr 23, 2023.
             Was a Follower of Wu Jian.
             Mangled by Natasha (8 damage)
             ... on level 3 of the Dungeon.
             The game lasted 00:04:59 (2388 turns).

Jase the Cudgeller (Ogre Gladiator)                 Turns: 2388, Time: 00:05:00

Health: -6/39      AC:  3    Str: 20    XL:     3   Next: 79%
Magic:  3/3        EV: 10    Int:  9    God:    Wu Jian [*.....]
Gold:   58         SH:  0    Dex: 10    Spells: 2/2 levels left

rFire   . . .      SeeInvis .   a - +0 flail
rCold   . . .      Faith    .   (no shield)
rNeg    . . .      Spirit   .   b - +0 robe
rPois   .          Reflect  .   c - +0 hat
rElec   .          Harm     .   (no cloak)
rCorr   .          Rampage  .   (gloves unavailable)
Will    .....                   (boots unavailable)
Stlth   +.........              (no amulet)
HPRegen 0.13/turn               (no ring)
MPRegen 0.08/turn               (no ring)

@: no status effects
A: large, unfitting armour, tough skin 1
a: Renounce Religion


You were on level 3 of the Dungeon.
You worshipped Wu Jian.
Wu Jian was aware of your devotion.
You visited 1 branch of the dungeon, and saw 3 of its levels.

You collected 58 gold pieces.

Inventory:

Hand Weapons
 a - a +0 flail (weapon)
Missiles
 d - 3 throwing nets
 e - a large rock
 g - 5 javelins
 h - 23 stones
 p - 6 boomerangs (quivered)
Armour
 b - a +0 robe (worn)
 c - a +0 hat (worn)
Scrolls
 i - a scroll of brand weapon {unknown}
 j - a scroll of magic mapping {unknown}
 k - a scroll of silence {unknown}
 l - a scroll of blinking {unknown}
 m - a scroll of amnesia {unknown}
 o - a scroll of poison {unknown}
 q - 2 scrolls of identify {unknown}
 r - a scroll of butterflies {unknown}
 t - a scroll of noise {unknown}
Potions
 f - 2 potions of flight {unknown}
 n - a potion of curing {unknown}
 s - 2 potions of lignification {unknown}


   Skills:
 + Level 3.7 Fighting
 * Level 3.7 Maces & Flails
 - Level 2.0 Throwing
 - Level 2.6 Dodging


You had 2 spell levels left.
You didn't know any spells.
Your spell library was empty.

Dungeon Overview and Level Annotations

Branches:
Dungeon (3/15)

Altars:
Wu Jian

Annotations:
D:3 Natasha


Innate Abilities, Weirdness & Mutations

You are too large for most types of armour.
You have tough skin. (AC +1)


Message History

Press: ? - help, Q - select action, (/) - cycle Shift-Dir - straight line, f/p - Natasha
Aim: Natasha (50% to hit)
You throw a boomerang. The boomerang closely misses Natasha.
Natasha mumbles some strange words.
Unknown command.
You spin and attack the white imp.
You hit the white imp but do no damage.
Natasha casts a spell.
The white imp gestures at you. The puff of frost hits you!
Unknown command.
You spin and attack Natasha.
You barely miss Natasha.
You spin and attack the crimson imp.
You closely miss the crimson imp. Natasha claws you.
The crimson imp misses you.
Unknown command.
You barely miss Natasha. Natasha claws you. The crimson imp hits you.
The white imp barely misses you. Natasha claws you but does no damage.
You barely miss Natasha.
The crimson imp hits you but does no damage.
The white imp hits you but does no damage.
Natasha claws you.
You hit Natasha.
Natasha is moderately wounded.
The shadow imp disappears for a moment.
The crimson imp hits you. The white imp hits you. The white imp freezes you.
Natasha closely misses you.
You barely miss Natasha.
Natasha is moderately wounded.
The crimson imp hits you.
* * * LOW HITPOINT WARNING * * *
The white imp hits you.
* * * LOW HITPOINT WARNING * * *
The white imp freezes you.
* * * LOW HITPOINT WARNING * * *
Natasha claws you.
* * * LOW HITPOINT WARNING * * *
Unknown command.
You barely miss Natasha.
Natasha is moderately wounded.
The crimson imp closely misses you. The white imp closely misses you.
Natasha claws you!
You die...

########## #.<....>.#
#.######.#
###.###.######.#
#..............##
#.#.###.##......######.
#.#.....)........
#.##.55....#####
#....@h5..)#
#.###.#...##
#.###.#.### #.......#
####...## #.....
#....... #.........
+.........+


You could see Natasha, a crimson imp (summoned), a white imp (summoned) and a
shadow imp (summoned).

Vanquished Creatures
  2 adders (D:2)
  A dart slug (D:2)
  2 ball pythons
  2 bats (D:1)
  2 endoplasms (D:1)
  3 giant cockroaches (D:1)
  2 goblins
  2 hobgoblins (D:2)
  A quokka (D:1)
  A frilled lizard (D:1)
  4 kobolds
  9 rats
31 creatures vanquished.

Vanquished Creatures (others)
  3 plants (D:1)
3 creatures vanquished.

Grand Total: 34 creatures vanquished

Notes
Turn   | Place    | Note
-------+----------+-------------------------------------------
     0 | D:1      | Jase the Ogre Gladiator began the quest for the Orb.
     0 | D:1      | Reached XP level 1. HP: 22/22 MP: 1/1
   141 | D:1      | Reached XP level 2. HP: 31/31 MP: 2/2
  1094 | D:1      | Found a faded altar of an unknown god.
  1103 | D:1      | Prayed at the altar of an unknown god.
  1103 | D:1      | Became a worshipper of the Wu Jian Council
  1103 | D:1      | Reached * piety under Wu Jian
  1371 | D:2      | Reached XP level 3. HP: 13/37 MP: 3/3
  2372 | D:3      | Noticed Natasha
  2388 | D:3      | Mangled by Natasha

Illustrated notes

Levels and vault maps discovered:
D:1:      dreamdust_arrival_beginning_and_end, layout_loops_corners,
          dilly_ecumenical_altar_fadedgnrine
D:2:      layout_basic, serial_aquarium, aquarium_bridge_square
          [aquarium_subvault_bridge, aquarium_subvault_bridge,
          aquarium_subvault_wall, aquarium_subvault_window], aquarium_window_1,
          aquarium_window_3, aquarium_window_1, aquarium_window_2,
          aquarium_view_2b, aquarium_view_2f, aquarium_balcony_3b
D:3:      layout_loops_corners, uniq_robin, uniq_sigmund, uniq_terence,
          uniq_natasha, uniq_crazy_yiuf_cottage

Skill      XL: |  1 |
---------------+----+-----
Maces & Flails | 3 |  3.7
Fighting       | 3 |  3.7
Throwing       | |  2.0
Dodging        | |  2.6

Action                   || total
-------------------------++-------
Melee: Flail             ||   100
Throw: Boomerang         ||     2
Invok: Lunge             ||     5
       Whirlwind         ||     3
Armor: Robe              ||    29
Dodge: Dodged            ||    53
